Map: Site Delta LE

Players

Subwayeatn

  • Race: Zerg Zerg
  • League: Diamond
  • Spawn Location: 5:00

goog - Winner!

  • Race: Terran Terran
  • League: Diamond
  • Spawn Location: 11:00

VOD

Have the link to the VOD?

Description

Time

  • Played on: Nov. 16, 2023, 12:08 p.m.
  • Length: 16:53
Show
View Real Time Build Order
Export as new Build Order

Subwayeatn Zerg 

Build Orders: Hatch First, Roach Hydra 

Get SALT Encoding   

  12  0:00  Drone  
  13  0:12  Overlord  
  13  0:21  Drone  
  14  0:30  Drone  
  14  0:31  Drone  
  14  0:34  Drone  
  17  0:54  Hatchery  
  16  0:57  Drone  
  17  1:11  Spawning Pool  
  17  1:14  Drone  
  17  1:18  Extractor  
  16  1:19  Drone  
  16  1:20  Drone  
  18  1:28  Drone  
  19  1:38  Drone  
  20  2:01  Zergling x4  
  20  2:05  Queen  
  20  2:06  Queen  
  26  2:19  Roach Warren  
  25  2:39  Overlord  
  25  3:00  Roach  
  25  3:01  Roach x4  
  35  3:06  Overlord  
  35  3:33  Roach x4  
  43  3:34  Ravager  
  43  3:41  Overlord  
  44  3:44  Overlord  
  44  4:02  Ravager  
  45  4:20  Drone x6  
  45  4:21  Drone x6  
  57  4:34  Hatchery  
  48  4:54  Roach x4  
  48  4:55  Roach  
  49  5:14  Zergling x14  
  50  5:29  Lair  
  50  5:32  Drone x2  
  52  5:38  Drone x2  
  52  5:40  Queen  
  56  5:53  Drone x9, Extractor  
  64  6:01  Overlord  
  64  6:03  Overlord  
  54  6:27  Drone x8  
  54  6:28  Drone  
  63  6:38  Baneling Nest  
  63  6:39  Drone x2  
  64  6:41  Hydralisk Den  
  64  6:43  Metabolic Boost  
  64  6:46  Drone x3  
  66  6:51  Evolution Chamber  
  65  6:55  Evolution Chamber  
  65  6:57  Glial Reconstitution  
  65  6:59  Queen  
  66  7:01  Drone  
  66  7:02  Drone  
  66  7:04  Drone  
  69  7:10  Extractor  
  69  7:11  Grooved Spines  
  68  7:19  Drone x2  
  68  7:20  Drone x4  
  74  7:23  Overlord  
  74  7:26  Overlord  
  74  7:33  Zerg Melee Weapons Level 1  
  74  7:40  Drone, Extractor  
  74  7:43  Drone x3  
  74  7:44  Overlord  
  77  7:47  Drone x2  
  77  7:50  Overseer  
  79  7:52  Zerg Missile Weapons Level 1  
  79  7:54  Overlord  
  79  8:11  Infestation Pit  
  78  8:13  Muscular Augments  
  78  8:15  Drone x3  
  78  8:16  Drone x6  
  87  8:20  Extractor  
  87  8:21  Drone x3, Extractor  
  87  8:23  Drone x3  
  87  8:26  Centrifugal Hooks  
  91  8:28  Overlord x3  
  91  8:39  Zergling x2  
  91  8:40  Zergling x8  
  96  8:42  Overseer  
  96  8:50  Zergling x2  
  96  8:51  Zergling x4  
  99  8:57  Spore Crawler  
  99  8:58  Spore Crawler  
  99  9:01  Spore Crawler  
  96  9:04  Hydralisk, Spine Crawler  
  96  9:05  Hydralisk x8  
  96  9:09  Baneling  
  113  9:10  Baneling x5  
  113  9:17  Overseer  
  113  9:36  Hatchery  
  112  9:38  Hydralisk  
  112  9:39  Hydralisk x4  
  112  9:42  Overlord x3  
  112  9:43  Overlord x2  
  122  9:55  Spine Crawler  
  122  9:56  Spore Crawler  
  122  9:58  Zergling x2  
  122  9:59  Zergling x2  
  122  10:04  Baneling  
  122  10:05  Baneling x9  
  122  10:06  Zergling x4  
  122  10:07  Zergling x10  
  129  10:18  Zerg Missile Weapons Level 2  
  129  10:20  Zergling x2  
  129  10:21  Zergling x10  
  135  10:32  Baneling x4  
  135  10:33  Hydralisk x5, Baneling x4  
  145  10:37  Zergling x2  
  146  10:55  Zergling x2  
  146  10:56  Zergling x2  
  146  11:00  Zergling x24  
  146  11:01  Zergling x4  
  159  11:11  Baneling  
  159  11:12  Baneling x17  
  159  11:14  Overlord x2  
  154  11:34  Zergling x22  
  154  11:35  Zergling x2  
  154  11:36  Queen  
  168  11:41  Queen  
  168  12:12  Queen  
  114  12:38  Zergling x2  
  114  12:39  Zergling x34  
  114  12:40  Zergling x6  
  121  12:52  Zergling x6  
  121  12:53  Zergling x2  
  123  12:58  Baneling  
  123  12:59  Baneling x16  
  123  13:00  Baneling x25  
  123  13:03  Zergling x8  
  119  13:18  Extractor  
  119  13:19  Hatchery  
  117  13:22  Extractor  
  112  13:33  Hydralisk  
  112  13:34  Hydralisk x11  
  136  13:42  Hydralisk  
  116  14:04  Hydralisk  
  116  14:05  Hydralisk  
  114  14:15  Lurker Den  
  111  14:20  Overseer  
  111  14:23  Zergling x28  
  111  14:24  Zergling x4  
  127  14:33  Zergling x10  
  127  14:35  Hatchery, Extractor  
  127  14:37  Baneling  
  127  14:38  Baneling  
  130  14:39  Extractor  
  129  14:55  Zergling x2  
  129  14:56  Zergling x16  
  126  15:00  Baneling  
  126  15:01  Baneling x5  
  126  15:10  Drone x3  
  127  15:22  Zergling x2  
  127  15:23  Zergling x8  
  127  15:27  Baneling  
  127  15:28  Baneling x5  
  132  15:30  Baneling  
  132  15:37  Queen  
  134  15:43  Drone x2  
  124  16:29  Zergling x6  
  124  16:30  Zergling x6  
  127  16:34  Zergling x10  
  127  16:35  Zergling x2  
Show
View Real Time Build Order
Export as new Build Order

goog Terran - Winner!

Build Orders:  

Get SALT Encoding   

  12  0:01  SCV  
  13  0:13  SCV  
  14  0:20  Supply Depot  
  14  0:26  SCV  
  15  0:42  SCV  
  16  0:43  Barracks  
  16  0:45  Refinery  
  16  0:55  SCV  
  17  1:07  SCV  
  18  1:15  Barracks  
  18  1:22  SCV  
  19  1:30  Reaper  
  20  1:35  Orbital Command  
  20  1:48  Supply Depot  
  20  2:00  SCV  
  21  2:02  Reaper  
  21  2:06  Reaper  
  23  2:16  Command Center  
  23  2:19  SCV  
  24  2:32  SCV  
  24  2:36  Barracks  
  26  2:44  SCV  
  26  2:46  Barracks Tech Lab  
  26  2:49  Barracks Reactor  
  26  2:56  SCV  
  27  3:05  Marine  
  27  3:10  Supply Depot  
  27  3:12  Barracks  
  28  3:16  SCV  
  29  3:24  Barracks Reactor  
  29  3:28  SCV  
  29  3:29  Orbital Command  
  30  3:38  Marine  
  30  3:39  Marine x2  
  30  3:41  SCV  
  34  3:53  SCV  
  34  3:54  Bunker  
  35  3:58  Marine x3  
  35  4:00  Barracks Tech Lab  
  35  4:01  Marine x2  
  39  4:10  SCV  
  40  4:18  SCV  
  40  4:19  Marine x2  
  40  4:20  Marauder  
  45  4:32  Marine x3  
  45  4:33  Supply Depot  
  45  4:34  SCV  
  45  4:35  Bunker, SCV  
  50  4:41  Marauder  
  51  5:04  Marine x2  
  51  5:18  Barracks Tech Lab  
  51  5:20  Supply Depot x2, Marine, SCV x2  
  53  5:30  Refinery  
  53  5:32  Factory, SCV  
  54  5:37  Command Center  
  54  5:41  Marine x3  
  54  5:42  Marauder, SCV  
  60  5:43  Stimpack  
  60  5:48  SCV  
  61  5:52  Marine x2  
  61  5:54  SCV  
  64  6:00  SCV  
  65  6:05  Marine x3  
  68  6:12  Supply Depot  
  68  6:17  Supply Depot  
  68  6:18  Barracks Tech Lab  
  65  6:32  SCV x2  
  67  6:33  Marine  
  67  6:34  Marauder, Marine x3  
  67  6:35  Factory Tech Lab  
  67  6:38  Factory Reactor  
  67  6:39  Starport  
  73  6:44  Supply Depot  
  73  6:46  SCV x2  
  75  6:53  Marauder, Marine x4  
  81  6:55  Marine  
  82  7:02  Refinery  
  82  7:08  SCV x2  
  85  7:09  Refinery  
  85  7:13  Orbital Command  
  84  7:20  Marauder, Marine x5, SCV x2  
  84  7:21  Command Center  
  93  7:36  Factory Reactor  
  93  7:37  Marine  
  93  7:38  Marine, Combat Shield  
  93  7:39  Concussive Shells  
  93  7:40  Marine x2  
  93  7:41  Marauder, Marine  
  93  7:42  Medivac x2  
  104  7:48  SCV x3  
  107  7:57  Marine x2  
  109  8:05  Engineering Bay x2, Armory  
  109  8:06  Supply Depot  
  109  8:07  Supply Depot x2  
  109  8:12  Supply Depot  
  109  8:14  Supply Depot  
  109  8:28  Marauder x2, Marine, SCV x3  
  109  8:30  Marine x2, Widow Mine x2  
  109  8:31  Marine  
  124  8:36  Orbital Command  
  124  8:40  SCV  
  124  8:41  Medivac x2  
  129  8:44  Terran Infantry Armor Level 1, Terran Infantry Weapons Level 1  
  129  8:55  Marine  
  129  8:56  Marauder x2, Marine x3  
  129  8:57  Barracks, Widow Mine  
  129  8:59  Barracks  
  129  9:01  Barracks  
  139  9:03  Ghost Academy  
  139  9:05  Orbital Command  
  139  9:13  Marine  
  140  9:20  Marine x2  
  140  9:21  Marauder  
  140  9:22  Widow Mine x2  
  148  9:33  Marine  
  148  9:34  Marauder, Marine  
  148  9:36  Personal Cloaking  
  148  9:38  Marine, SCV  
  154  9:46  Barracks Tech Lab  
  154  9:47  Barracks Tech Lab  
  154  9:48  Barracks Tech Lab  
  154  9:51  Supply Depot x2  
  154  9:52  Supply Depot  
  154  9:54  Marine  
  154  9:55  Marauder, Marine  
  154  9:56  Widow Mine x2  
  162  10:04  Refinery  
  162  10:10  SCV  
  162  10:11  SCV x2  
  162  10:12  Marine x3  
  162  10:13  Marauder  
  170  10:16  Refinery  
  170  10:30  Marine  
  170  10:31  Ghost x2, Marine x3  
  170  10:32  Marauder, Ghost  
  173  11:02  Nuke  
  172  11:06  Marine  
  172  11:07  Marauder, Ghost x3, Marine x2  
  172  11:08  Widow Mine  
  172  11:09  Widow Mine  
  187  11:32  Marauder x2, Marine x4  
  194  11:33  SCV  
  194  11:34  SCV  
  194  11:36  Ghost, Marine  
  115  12:43  Marine x4  
  115  12:44  Marauder x3, Marine x2  
  121  12:45  Medivac x2, Widow Mine x2  
  129  12:54  SCV x3  
  129  13:01  Marine x3  
  129  13:02  Marauder  
  134  13:10  Terran Infantry Armor Level 2, Terran Infantry Weapons Level 2  
  134  13:19  Ghost, Marine x6  
  140  13:20  Ghost  
  140  13:22  Ghost  
  132  13:27  Widow Mine x2  
  134  13:38  Marauder x2  
  134  13:39  Barracks x2  
  134  13:40  Barracks  
  138  13:42  Marine x3  
  138  13:43  Marine  
  138  13:44  Medivac x2  
  138  13:45  Factory  
  138  13:47  Starport  
  146  13:48  Fusion Core, Marine  
  146  13:49  Marauder  
  146  13:51  Command Center, Marine  
  137  14:01  Command Center  
  127  14:07  Widow Mine x2  
  127  14:08  Marauder, Ghost, Marine x5  
  127  14:09  Marine  
  141  14:14  Marine  
  142  14:23  Starport Reactor  
  142  14:48  Marine  
  142  14:49  Marine x3  
  142  14:51  Barracks Reactor  
  142  14:52  Ghost x3, Barracks Reactor  
  146  14:53  Barracks Reactor  
  146  14:54  Factory Reactor  
  146  14:55  Widow Mine x2  
  146  14:56  Caduceus Reactor, Medivac x2  
  160  15:00  Nuke  
  158  15:23  Marine  
  158  15:24  Marine x5  
  158  15:25  Ghost  
  158  15:26  Ghost x2  
  158  15:27  Widow Mine x2  
  158  15:28  Medivac x3  
  176  15:31  Marine x4  
  176  15:32  Marine x2  
  176  15:34  Orbital Command  
  176  15:35  SCV x3  
  189  15:41  Marine  
  190  15:47  SCV x3  
  193  15:56  Marine x4  
  193  15:57  Marine x3  
Tags
 
Composition
Roach Hydra
Matchup
TvZ
Replay Pack
2025 replay dump
Spawn Locations
Cross Positions
Add a new tag
Caveats
  • Supply blocks, unpowered buildings, or Contaminate may cause inaccurate times.
  • Supply counts are checked every 10 seconds.